 Dungeon Crawl Stone Soup version 0.29-a0-802-g34511f41fd (webtiles) character file.

Game seed: 2281370846918326363

495 dolemite99 the Cleaver (level 6, -1/51 HPs)
             Began as a Minotaur Fighter on July 3, 2022.
             Was an Initiate of Okawaru.
             Succumbed to a water moccasin's poison
             ... on level 5 of the Dungeon.
             The game lasted 00:03:04 (3771 turns).

dolemite99 the Cleaver (Minotaur Fighter)           Turns: 3771, Time: 00:03:04

Health: -1/51      AC: 12    Str: 21 (23) XL:     6   Next: 92%
Magic:  5/5        EV:  7    Int:  3 (5)  God:    Okawaru [......]
Gold:   193        SH:  4    Dex:  6 (9)  Spells: 5/5 levels left

rFire   . . .      SeeInvis .   a - +1 war axe
rCold   . . .      Faith    .   c - +0 buckler
rNeg    . . .      Spirit   .   l - +0 chain mail
rPois   .          Reflect  .   (helmet restricted)
rElec   .          Harm     .   (no cloak)
rCorr   .          Rampage  .   k - +2 pair of gloves
Will    .....                   (no boots)
Stlth   ..........              (no amulet)
HPRegen 0.17/turn               (no ring)
MPRegen 0.09/turn               (no ring)

@: brilliant, lethally poisoned (-1 -> -19)
A: horns 2, retaliatory headbutt
a: Renounce Religion


You were on level 5 of the Dungeon.
You worshipped Okawaru.
Okawaru was noncommittal.
You visited 2 branches of the dungeon, and saw 6 of its levels.

You collected 193 gold pieces.

Inventory:

Hand Weapons
 a - a +1 war axe (weapon)
Missiles
 q - 8 poisoned darts (quivered)
Armour
 c - a +0 buckler (worn)
 k - a +2 pair of gloves (worn)
 l - a +0 chain mail (worn)
Magical Staves
 u - a staff of conjuration
Jewellery
 p - a ring of resist corrosion
 t - a ring of positive energy
Scrolls
 f - a scroll of noise
 i - a scroll of vulnerability
 j - 2 scrolls of amnesia {unknown}
 n - a scroll of blinking {unknown}
 o - 2 scrolls of identify {@r1}
 s - a scroll of fog {unknown}
Potions
 b - a potion of flight
 d - a potion of degeneration
 e - a potion of curing {unknown}
 g - a potion of brilliance
 h - 2 potions of berserk rage
 m - a potion of mutation
 r - 2 potions of resistance {unknown}
 v - a potion of might


   Skills:
 - Level 3.6 Fighting
 + Level 9.1 Axes
 - Level 3.6 Armour
 - Level 3.6 Shields


You had 5 spell levels left.
You didn't know any spells.
Your spell library contained the following spells:

 Spells                   Type           Power      Damage    Failure   Level
 Beastly Appendage        Tmut           0%         N/A       100%        1
 Magic Dart               Conj           0%         1d3       100%        1
 Wereblood                Tmut           0%         N/A       100%        2
 Ignite Poison            Fire/Tmut/Pois 0%         N/A       100%        3
 Mephitic Cloud           Conj/Pois/Air  0%         N/A       100%        3
 Portal Projectile        Hex/Tloc       0%         N/A       100%        3
 Spider Form              Tmut/Pois      0%         N/A       100%        3
 Leda's Liquefaction      Hex/Erth       0%         N/A       100%        4
 Freezing Cloud           Conj/Ice/Air   0%         6-21      100%        5
 Iskenderun's Battlesphe  Conj           0%         2d6       100%        5
 Iron Shot                Conj/Erth      0%         9d1       100%        6
 Call Imp                 Summ           Unusable   N/A       N/A         2
 Call Canine Familiar     Summ           Unusable   N/A       N/A         3
 Spellforged Servitor     Conj/Summ      Unusable   N/A       N/A         7

Dungeon Overview and Level Annotations

Branches:
Dungeon (5/15)             Temple (1/1) D:4

Altars:
Ashenzari
Dithmenos
Elyvilon
Hepliaklqana
Makhleb
Nemelex Xobeh
Okawaru
Qazlal
Uskayaw
Wu Jian
Yredelemnul
The Shining One

Shops:
D:4 :


Innate Abilities, Weirdness & Mutations

You have a pair of horns on your head.
You reflexively headbutt those who attack you in melee.


Message History

You hit the water moccasin.
The water moccasin is lightly wounded.
The water moccasin barely misses you.
You miss the water moccasin.
The water moccasin is lightly wounded.
The water moccasin bites you but does no damage.
The water moccasin bites you!
You are poisoned.
The water moccasin poisons you!
You hit the water moccasin.
The water moccasin is lightly wounded.
You feel very sick.
The water moccasin bites you but does no damage.
You barely miss the water moccasin.
The water moccasin is lightly wounded.
You feel very sick. The water moccasin bites you!
You are more poisoned.
The water moccasin poisons you! The water moccasin bites you!
You are more poisoned.
The water moccasin poisons you!
You slash the water moccasin!
The water moccasin is severely wounded.
* * * LOW HITPOINT WARNING * * *
You feel extremely sick. The water moccasin barely misses you.
You slash the water moccasin!
You kill the water moccasin!
Okawaru accepts your kill.
* * * LOW HITPOINT WARNING * * *
You feel extremely sick.
Your Axes skill increases to level 9!
It was a potion of brilliance.
You feel clever all of a sudden.
* * * LOW HITPOINT WARNING * * *
You feel very sick.
It was a potion of degeneration.
There was something very wrong with that liquid.
You feel weakened.
You feel dopey.
You feel clumsy.
You die...

###.###.# #.#
#...##.# #.#
#...##.####.####
#...##.##......#
#...##.......<.#
#...#####......#
#...# #......#
##.## #......#
#@# #......# #†#
###+#.## ..# .#
.(.. # .....
#.####. .. . ..
+#


There were no monsters in sight!

Vanquished Creatures
  Sigmund (D:2)
  A water moccasin (D:5)
  A howler monkey (D:4)
  Jessica (D:2)
  Terence (D:2)
  3 gnolls (D:4)
  6 adders
  An ufetubus (D:4)
  A dart slug (D:1)
  5 orcs
  4 endoplasms
  A giant cockroach (D:4)
  5 goblins
  6 hobgoblins
  9 kobolds
  3 quokkas
  4 ball pythons
  4 bats
  4 frilled lizards
  4 rats
  A spectral goblin (D:1)
66 creatures vanquished.

Notes
Turn   | Place    | Note
-------+----------+-------------------------------------------
     0 | D:1      | dolemite99 the Minotaur Fighter began the quest for the
                  | Orb.
     0 | D:1      | Reached XP level 1. HP: 19/19 MP: 0/0
   179 | D:1      | Reached skill level 3 in Axes
   190 | D:1      | Found a faded altar of an unknown god.
   208 | D:1      | Prayed at the altar of an unknown god.
   208 | D:1      | Became a worshipper of the Shining One
   208 | D:1      | Reached * piety under the Shining One
   231 | D:1      | Reached XP level 2. HP: 19/26 MP: 1/1
   715 | D:1      | You fall into a shaft and drop 1 floor!
   778 | D:2      | Reached skill level 4 in Axes
   862 | D:2      | Noticed Terence
   885 | D:2      | Killed Terence
   886 | D:2      | Reached XP level 3. HP: 23/31 MP: 2/2
  1242 | D:2      | Reached skill level 5 in Axes
  1412 | D:2      | Noticed Jessica
  1415 | D:2      | Killed Jessica
  1416 | D:2      | Reached XP level 4. HP: 39/39 MP: 3/3
  1429 | D:2      | Noticed Sigmund
  1442 | D:2      | Killed Sigmund
  1443 | D:2      | Reached skill level 7 in Axes
  1443 | D:2      | Reached XP level 5. HP: 34/45 MP: 4/4
  1873 | D:3      | Reached XP level 6. HP: 47/51 MP: 5/5
  2189 | D:3      | Found a shadowy altar of Dithmenos.
  2629 | D:4      | Found a glowing golden altar of the Shining One.
  2701 | D:4      | Reached skill level 8 in Axes
  2887 | D:4      | Found a staircase to the Ecumenical Temple.
  2924 | Temple   | Entered the Ecumenical Temple
  3030 | Temple   | Fell from the grace of the Shining One
  3030 | Temple   | Became a worshipper of Warmaster Okawaru
  3405 | D:4      | Found Liarchaff's Vocational Training.
  3666 | D:5      | Entered Level 5 of the Dungeon
  3763 | D:5      | Noticed a water moccasin
  3769 | D:5      | Killed a water moccasin
  3770 | D:5      | Reached skill level 9 in Axes
  3770 | D:5      | HP: 2/51 [poisoned by a water moccasin]
  3771 | D:5      | Succumbed to a water moccasin's poison

Illustrated notes

Levels and vault maps discovered:
D:1:      psy_arrival_conway, layout_basic,
          dreamdust_ecumenical_altar_drowned_temple
D:2:      layout_basic, uniq_sigmund, uniq_jessica, uniq_terence
D:3:      layout_loops_cross, nicolae_dithmenos_shadow_blocks
D:4:      layout_basic, general_overflow_altar, minmay_temple_entry_waves,
          nicolae_shop_vocational
D:5:      layout_basic, nicolae_vehumet_radiance
Temple:   hellmonk_temple_beads

Skill      XL: |  1  2  3  4  5  6 |
---------------+-------------------+-----
Axes           | 3 4 5 7 9 |  9.1
Fighting       | |  3.6
Armour         | |  3.6
Shields        | |  3.6

Action                   |  1- 3 |  4- 6 || total
-------------------------+-------+-------++-------
Melee: War axe           |    47 |    61 ||   108
       Headbutt          |     8 |     7 ||    15
Throw: Dart              |       |    41 ||    41
  Use: Scroll            |     7 |       ||     7
       Potion            |       |     3 ||     3
Armor: Scale mail        |    17 |       ||    17
       Chain mail        |     8 |    29 ||    37
Dodge: Dodged            |    26 |    23 ||    49
Block: Buckler           |     5 |    13 ||    18

Table legend: (Time is in decaauts)
 A = Elapsed time spent in this place.
 B = Non-inter-level travel time spent in this place.
 C = Inter-level travel time spent in this place.
 D = Time resting spent in this place.
 E = Time spent auto-exploring this place.
 F = Levels seen in this place.
 G = Mean time per level.
                   A        B        C        D        E       F      G
               +--------+--------+--------+--------+--------+-----+--------+
         Total |   3805 |   3665 |    140 |    419 |   2548 |   6 |  634.2 |
       Dungeon |   3625 |   3557 |     68 |    419 |   2454 |   5 |  725.0 |
        Temple |    179 |    107 |     72 |      0 |     94 |   1 |  179.0 |
               +--------+--------+--------+--------+--------+-----+--------+

Top non-repeatable levels by time:
     D:2: 1142 daAuts
     D:4: 882 daAuts
     D:3: 765 daAuts
     D:1: 730 daAuts
  Temple: 179 daAuts
     D:5: 105 daAuts
